 Dungeon Crawl Stone Soup version 0.20-a0-936-gaf809b6 (webtiles) character file.

133536 Rrauwl the Executioner (level 16, 0/243 HPs)
             Began as a Minotaur Berserker on Mar 30, 2017.
             Was the Champion of Trog.
             Slain by a large abomination (17 damage)
             ... on level 2 of the Abyss.
             The game lasted 02:39:32 (25176 turns).

Rrauwl the Executioner (Minotaur Berserker)        Turns: 25176, Time: 02:39:33

Health: 0/243      AC: 28    Str: 27    XL:     16   Next: 60%
Magic:  25/27      EV: 11    Int:  0    God:    Trog [******]
Gold:   213        SH:  0    Dex: 18    Spells: 15/15 levels left

rFire    + + .     SeeInvis +   q - +1 battleaxe (elec)
rCold    + + .     Gourm    .   (shield currently unavailable)
rNeg     . . .     Faith    .   w - +5 gold dragon scales "Plog" {rPois rF+ rC+ MP+9 Dex+3}
rPois    +         Spirit   .   (helmet restricted)
rElec    .         Reflect  .   x - scarf {repulsion}
rCorr    .         Harm     .   G - +0 pair of gloves (curse)
MR       +....                  p - +0 pair of boots
Stlth    ..........             h - amulet of regeneration
Regen    0.0/turn               J - ring of protection from fire
MPRegen  0.2/turn               M - ring of Res Nullius {rC+ Dex+2 Slay-2 SInv Stlth-}

@: berserking (expiring), non-regenerating, diseased, slowed, lost intelligence,
repel missiles
A: retaliatory headbutt, hooves 1, horns 2, dopey 2, low mp 1, sense
surroundings 1, poison resistance, screaming 2, weak 2, no potion heal 1
a: Berserk, Trog's Hand, Brothers in Arms, Burn Spellbooks, Renounce Religion


You were on level 2 of the Abyss.
You worshipped Trog.
Trog was exalted by your worship.
You were not hungry.

You visited 4 branches of the dungeon, and saw 25 of its levels.
You visited the Abyss 1 time.
You also visited: Labyrinth and Ice Cave.

You collected 3061 gold pieces.
You spent 2848 gold pieces at shops.

Inventory:

Hand Weapons
 k - a +6 antimagic executioner's axe
 q - a +1 battleaxe of electrocution (weapon)
 y - a +4 war axe of flaming
 F - the +4 flail "Pon Zeogaije" {holy, rN+++ Str-3 Int+2 SInv}
   (You found it on level 8 of the Dungeon)

   It has been blessed by the Shining One to cause great damage to the undead
   and demons.
   It affects your strength (-3).
   It affects your intelligence (+2).
   It renders you almost immune to negative energy.
   It lets you see invisible.
Armour
 p - a +0 pair of boots (worn)
 w - the +5 gold dragon scales "Plog" (worn) {rPois rF+ rC+ MP+9 Dex+3}
   (You bought it in a shop on level 12 of the Dungeon)

   It affects your dexterity (+3).
   It protects you from fire.
   It protects you from cold.
   It protects you from poison.
   It affects your magic capacity (+9).
 x - a scarf of repulsion (worn)
 G - a cursed +0 pair of gloves (worn)
 N - a +0 shield
Jewellery
 h - an amulet of regeneration (around neck)
 r - an uncursed ring of protection from fire
 u - an uncursed ring of resist corrosion
 C - an uncursed amulet of rage
 J - a ring of protection from fire (left hand)
 M - the ring of Res Nullius (right hand) {rC+ Dex+2 Slay-2 SInv Stlth-}
   (You found it in an ice cave)

   [ring of loudness]

   It affects your dexterity (+2).
   It affects your accuracy and damage with ranged weapons and melee attacks
   (-2).
   It protects you from cold.
   It lets you see invisible.
   It makes you less stealthy.
 S - an uncursed ring of protection from fire
Wands
 a - a wand of paralysis (14/24)
 o - a wand of iceblast (15/15)
 s - a wand of disintegration (9/24)
 A - a wand of acid (13/15)
Scrolls
 d - 6 scrolls of remove curse
 e - 9 scrolls of teleportation
 i - 3 scrolls of identify
 m - 2 scrolls of blinking
 t - 3 scrolls of fog
 v - 2 scrolls of recharging
Potions
 b - 6 potions of heal wounds
 f - 2 potions of resistance
 g - a potion of haste
 l - 4 potions of berserk rage
 n - a potion of agility
 z - 6 potions of curing
 E - a potion of flight
 L - 2 potions of might
 T - a potion of cancellation
Miscellaneous
 H - a fan of gales
 U - a lightning rod (4/4)
Comestibles
 j - 17 royal jellies


   Skills:
 + Level 20.1 Fighting
 + Level 21.1 Axes
 + Level 15.2 Armour
 - Level 9.0 Dodging
 - Level 5.6 Shields
 - Level 7.0 Evocations


You had 15 spell levels left.
You didn't know any spells.

Dungeon Overview and Level Annotations

Branches:
Dungeon (15/15)            Temple (0/1) D:5            Lair (6/6) D:8
 Shoals (0/4) Lair:2       Spider (2/4) Lair:2        Slime (0/5) Lair:6
    Orc (2/2) D:9             Elf (0/3) Orc:2        Vaults (0/5) D:14
 Depths (0/5) D:15

Altars:
Cheibriados
Dithmenos
Fedhas
Makhleb
Nemelex Xobeh
Qazlal
Vehumet
Wu Jian
Xom
The Shining One
Beogh

Shops:
D:6 }   D:11 (   D:12 !*[   Orc:2 :(*!

Annotations:
Spider:2 Donald


Innate Abilities, Weirdness & Mutations

You reflexively headbutt those who attack you in melee.
You have a pair of horns on your head.
You have large cloven feet.
You passively map a small area around you.
Your system is resistant to poisons. (rPois)
[You are very dopey. (Int -4)]
[Your magical capacity is low. (-10% MP)]
[You sometimes yell uncontrollably at your foes.]
[You are very weak. (Str -4)]
[Potions are less effective at restoring your health.]


Message History

Lightning courses through the ancient zyme!
You headbutt the ancient zyme!
The ancient zyme is almost destroyed.
You hit the large abomination.
Lightning courses through the large abomination!
The ancient zyme hits you but does no damage.
The ancient zyme hits you.
* * * LOW HITPOINT WARNING * * *
The large abomination closely misses you.
You slice the ancient zyme!!
You destroy the ancient zyme!
Trog accepts your kill.
You feel the corruption within you wane somewhat.
Your system mostly accepts the healing effects of potions.
Your connection to magic feels less subdued.
Your magic regains its normal vibrancy.
You feel more energetic.
You slash the large abomination!
Lightning courses through the large abomination!
The large abomination hits you!
You die...

#. ... #. ...
... . # #.. . ..
..#### . b ##..#
#...#.#........#
# #...X##......
#..#.@†x.# .# .
##†[####.... .
#.†..## .#
.####....#)#). .
#.......#.[. #
.#. ....#.)( . #
.. ####.. ..#..
#. #.... #. #.
..# #. ..#).# #


You could see a large abomination and a small abomination.

Vanquished Creatures
  Rupert (D:15)
  Kirke (Lair:5)
  A deep elf sorcerer (Abyss:2)
  A fire giant (D:15)
  Louise (Spider:2)
  A spark wasp (Spider:2)
  A white draconian (IceCv)
  Snorg (D:11)
  A minotaur (Lab)
  A fire dragon (Lair:6)
  Josephine (D:13)
  13 hydras
  7 centaur warriors
  An alligator (Lair:6)
  2 catoblepae (D:13)
  2 death knights
  2 dancing weapons (D:14)
  7 death yaks
  4 orc high priests
  3 two-headed ogres
  A tengu warrior (D:15)
  2 thrashing horrors (Abyss:2)
  Urug (Lair:5)
  3 wretched stars (Abyss:2)
  A fire crab (Lair:5)
  5 hell knights (Abyss:2)
  A skeletal warrior (D:15)
  2 unseen horrors
  A swamp dragon (Lair:6)
  The ghost of Rrauwl the Skirmisher, a novice MiBe of Trog (D:5)
  Pikel (D:6)
  5 orc knights (Orc:2)
  A wolf spider zombie (D:15)
  A necromancer (Abyss:2)
  The ghost of aves the Chopper, a novice DsFi of Trog (D:7)
  6 orb spiders
  11 wolf spiders
  5 orc sorcerers (Orc:2)
  A manticore (D:11)
  A centaur zombie (D:13)
  Maurice (D:13)
  6 elephants (Lair:6)
  3 cyclopes
  6 black mambas
  2 torpor snails (Spider:1)
  7 spiny frogs
  2 rime drakes
  9 komodo dragons
  A redback zombie (D:15)
  3 demonic crawlers (Spider:1)
  2 freezing wraiths
  8 jumping spiders
  A tengu conjurer (D:15)
  3 ancient zymes (Abyss:2)
  A queen bee (D:13)
  6 trolls
  25 polar bears
  5 slime creatures (D:15)
  9 raiju
  3 hornets
  17 blink frogs
  7 hippogriffs
  2 shadows
  2 centaur simulacra (D:15)
  Sigmund (D:5)
  An ettin skeleton (Abyss:2)
  10 wraiths
  30 redbacks
  3 wyverns
  A ynoxinul (Abyss:2)
  4 fire bats (Abyss:2)
  4 tarantellas
  5 hogs (Lair:5)
  54 yaks
  The ghost of aves the Covered, an amateur DsFi of Dithmenos (Lair:1)
  4 basilisks
  A hungry ghost (D:11)
  A steam dragon (Lair:6)
  A human (D:9)
  5 acid dragons
  9 wargs
  Menkaure (D:6)
  16 hell hounds (Lair:6)
  10 water moccasins
  6 porcupines
  2 swamp drakes (Lair:6)
  33 orc warriors
  4 slaves (D:6)
  4 phantoms
  3 sky beasts
  13 black bears
  2 hornet zombies
  4 ice beasts
  39 wolves
  25 ogres
  15 centaurs
  13 crocodiles
  18 bullfrogs
  A big kobold (D:10)
  A gnoll sergeant (D:12)
  2 wyvern zombies
  A wyvern skeleton (D:13)
  A water moccasin zombie (D:8)
  4 scorpions
  15 killer bees (D:13)
  A wight (D:12)
  A howler monkey (D:4)
  4 electric eels
  14 crimson imps
  A bullfrog zombie (D:10)
  4 lava snakes (Lab)
  A quasit (D:11)
  25 orc priests
  2 starcursed masses (Abyss:2)
  3 hounds
  2 jellies
  23 orc wizards
  2 bullfrog skeletons
  5 centaur skeletons
  An iron imp (Abyss:2)
  7 iguanas
  10 worker ants
  3 hound skeletons
  2 howler monkey zombies
  A worker ant zombie (D:6)
  12 adders
  7 gnolls
  5 shadow imps
  2 worms
  2 dart slugs
  7 leopard geckos
  109 orcs
  A ball python (D:3)
  2 giant cockroaches
  12 goblins
  3 hobgoblins
  3 jackals (D:4)
  6 quokkas
  A ball python zombie (D:5)
  6 bats
  A frilled lizard (D:2)
  14 kobolds
  2 leopard gecko zombies
  5 rats
  3 fungi
  5 plants
922 creatures vanquished.

Vanquished Creatures (collateral kills)
  A necromancer (Abyss:2)
  2 oklob plants (Lair:1)
  A ynoxinul (Abyss:2)
  5 starcursed masses (Abyss:2)
  A small abomination (Abyss:2)
10 creatures vanquished.

Vanquished Creatures (others)
  2 jumping spiders (Spider:1)
  A polar bear (IceCv)
  A redback (Spider:1)
  A tarantella (Spider:1)
  A bush (Lair:1)
  10 fungi
  A lurking horror (Abyss:2)
  15 plants
32 creatures vanquished.

Grand Total: 964 creatures vanquished

Notes
Turn   | Place    | Note
-------+----------+-------------------------------------------
     0 | D:1      | Rrauwl the Minotaur Berserker began the quest for the Orb.
     0 | D:1      | Reached XP level 1. HP: 19/19 MP: 0/0
   303 | D:1      | Reached XP level 2. HP: 27/27 MP: 1/1
   463 | D:2      | Found a blossoming altar of Fedhas.
   627 | D:2      | Reached skill level 4 in Axes
   631 | D:2      | Reached XP level 3. HP: 23/33 MP: 2/2
  1247 | D:3      | Noticed an air elemental
  1249 | D:3      | Found a stormy altar of Qazlal.
  1250 | D:3      | Noticed a fire elemental
  1250 | D:3      | Noticed a water elemental
  1250 | D:3      | Noticed an earth elemental
  1307 | D:3      | Found a snail-covered altar of Cheibriados.
  1310 | D:3      | Reached ** piety under Trog
  1314 | D:3      | Found a burning altar of Makhleb.
  1314 | D:3      | Found an ornate altar of the Wu Jian Council.
  1320 | D:3      | Found a shadowy altar of Dithmenos.
  1354 | D:3      | Reached XP level 4. HP: 37/40 MP: 3/3
  1769 | D:4      | Reached skill level 5 in Axes
  1769 | D:4      | Reached skill level 1 in Evocations
  2117 | D:4      | Reached XP level 5. HP: 19/46 MP: 4/4
  2500 | D:4      | Noticed an ogre
  2507 | D:4      | Killed an ogre
  2507 | D:4      | Reached skill level 6 in Axes
  2508 | D:4      | Reached skill level 7 in Axes
  2510 | D:4      | Reached XP level 6. HP: 52/52 MP: 5/5
  2956 | D:5      | Entered Level 5 of the Dungeon
  2956 | D:5      | Found a staircase to the Ecumenical Temple.
  2977 | D:5      | Noticed Sigmund
  2986 | D:5      | Killed Sigmund
  2986 | D:5      | Reached skill level 8 in Axes
  2986 | D:5      | Reached XP level 7. HP: 59/59 MP: 6/6
  3084 | D:5      | Found a sparkling altar of Nemelex Xobeh.
  3094 | D:5      | Noticed Rrauwl's ghost (novice MiBe)
  3113 | D:5      | Killed Rrauwl's ghost
  3113 | D:5      | Reached skill level 10 in Axes
  3113 | D:5      | Reached XP level 8. HP: 66/66 MP: 7/7
  3318 | D:5      | Reached skill level 11 in Axes
  3497 | D:5      | Reached *** piety under Trog
  3921 | D:6      | Gained mutation: Your system is resistant to poisons. (rPois) [mutagenic meat]
  3922 | D:6      | Gained mutation: You passively map a small area around you. [mutagenic meat]
  3923 | D:6      | Gained mutation: You have large cloven feet. [mutagenic meat]
  4030 | D:6      | Reached skill level 5 in Fighting
  4089 | D:6      | Noticed Pikel
  4091 | D:6      | Reached skill level 5 in Armour
  4107 | D:6      | Killed Pikel
  4107 | D:6      | Reached XP level 9. HP: 75/75 MP: 9/9
  4255 | D:6      | Noticed Menkaure
  4271 | D:6      | Killed Menkaure
  4695 | D:6      | Reached skill level 12 in Axes
  4789 | D:6      | Found Kayqol's Quality Used Wands.
  4801 | D:6      | Bought a wand of paralysis (0/24) for 26 gold pieces
  4914 | D:6      | Found a glowing golden altar of the Shining One.
  4972 | D:7      | Noticed aves's ghost (novice DsFi)
  5031 | D:7      | Killed aves's ghost
  5036 | D:7      | Reached skill level 13 in Axes
  5467 | D:7      | Reached **** piety under Trog
  5812 | D:8      | You fall through a shaft for 3 floors!
  5988 | D:11     | Found Seudishaome's Weapon Emporium.
  6008 | D:11     | Received a gift from Trog
  6008 | D:11     | Reached XP level 10. HP: 83/86 MP: 11/11
  6029 | D:10     | Entered Level 10 of the Dungeon
  6091 | D:9      | Reached skill level 14 in Axes
  6436 | D:8      | Got a translucent flail
  6437 | D:8      | Identified the +4 flail "Pon Zeogaije" {holy, rN+++ Str-3 Int+2 SInv} (You found it on level 8 of the Dungeon)
  6681 | D:8      | Received a gift from Trog
  6681 | D:8      | Reached skill level 15 in Axes
  6864 | D:8      | Found a staircase to the Lair.
  7162 | D:8      | Found a shimmering altar of Xom.
  7617 | D:9      | Noticed a two-headed ogre
  7627 | D:9      | Killed a two-headed ogre
  7672 | D:9      | Reached skill level 16 in Axes
  7708 | D:9      | Found a staircase to the Orcish Mines.
  7839 | D:9      | Noticed a two-headed ogre
  7844 | D:9      | Killed a two-headed ogre
  7844 | D:9      | Reached XP level 11. HP: 92/92 MP: 12/12
  7867 | D:9      | Reached ***** piety under Trog
  8088 | D:9      | Reached skill level 17 in Axes
  9328 | D:10     | Received a gift from Trog
  9426 | D:11     | Noticed Snorg
  9433 | D:11     | Killed Snorg
  9510 | D:11     | Noticed a five-headed hydra
  9517 | D:11     | Killed a five-headed hydra
  9517 | D:11     | Reached skill level 5 in Dodging
  9711 | D:11     | Noticed a five-headed hydra
  9722 | D:11     | Killed a five-headed hydra
 10021 | D:11     | Noticed a two-headed ogre
 10027 | D:11     | Killed a two-headed ogre
 10425 | Lair:1   | Entered Level 1 of the Lair of Beasts
 10431 | Lair:1   | Reached XP level 12. HP: 83/104 MP: 14/14
 10434 | Lair:1   | Noticed a six-headed hydra
 10442 | Lair:1   | Killed a six-headed hydra
 10453 | Lair:1   | Noticed aves's ghost (amateur DsFi)
 10458 | Lair:1   | Killed aves's ghost
 10507 | Lair:1   | Found a frozen archway.
 10525 | IceCv    | Entered an ice cave
 10567 | IceCv    | Got a heavily runed ivory ring
 10569 | IceCv    | Identified the ring of Res Nullius {rC+ Dex+2 Slay-2 SInv Stlth-} (You found it in an ice cave)
 10909 | IceCv    | Noticed a death yak
 10931 | IceCv    | Killed a death yak
 10931 | IceCv    | Reached skill level 18 in Axes
 10984 | IceCv    | Reached skill level 10 in Fighting
 11198 | IceCv    | Got a transparent chain mail
 11209 | IceCv    | Identified the +5 chain mail "Jing" {Regen+ MP-9 Str+2} (You found it in an ice cave)
 11310 | IceCv    | Noticed a white draconian
 11328 | IceCv    | Reached skill level 10 in Armour
 11360 | IceCv    | Killed a white draconian
 11441 | IceCv    | Got a bound lead amulet
 11442 | IceCv    | Identified the amulet of Tuetium {Inacc rF+ Str+4} (You found it in an ice cave)
 12064 | Lair:1   | Noticed an eight-headed hydra
 12171 | Lair:1   | Killed an eight-headed hydra
 12623 | Lair:2   | Reached XP level 13. HP: 113/116 MP: 6/15
 12708 | Lair:2   | Found a staircase to the Shoals.
 13025 | Lair:2   | Found a hole to the Spider Nest.
 13297 | Lair:2   | Reached skill level 19 in Axes
 13625 | Lair:3   | Received a gift from Trog
 13813 | Lair:3   | Found a labyrinth entrance.
 13820 | Lab      | Entered a labyrinth
 13947 | Lab      | Noticed a minotaur
 13957 | Lab      | Killed a minotaur
 13966 | Lab      | Got a shimmering steel ring
 13967 | Lab      | Got an encrusted dagger
 13968 | Lab      | Identified the cursed +0 dagger of Cyeneliri {pierce, rF- Str+5 Dex+2} (You found it in a labyrinth)
 14015 | Lair:3   | Reached skill level 5 in Evocations
 14484 | Lair:4   | Reached skill level 1 in Shields
 15537 | Lair:5   | Noticed Urug
 15551 | Lair:5   | Killed Urug
 15627 | Lair:5   | Reached XP level 14. HP: 129/129 MP: 7/16
 15836 | Lair:5   | Noticed Kirke
 15850 | Lair:5   | Killed Kirke
 16161 | Lair:6   | Entered Level 6 of the Lair of Beasts
 16194 | Lair:6   | Received a gift from Trog
 16443 | Lair:6   | Identified the ring of Rovvaepp {Ice MR+} (You found it in a labyrinth)
 16503 | Lair:6   | Reached skill level 5 in Shields
 16673 | Lair:6   | Received a gift from Trog
 16738 | Lair:6   | Reached skill level 20 in Axes
 17110 | Lair:6   | Found a staircase to the Slime Pits.
 17117 | Lair:6   | Reached skill level 15 in Fighting
 17348 | Lair:6   | Received a gift from Trog
 17859 | Lair:1   | Got a smoking falchion
 17875 | Lair:1   | Lost intelligence.
 17875 | Lair:1   | Identified the +4 falchion "Banisher" {venom, rPois rC+ Str+5 Int-5} (You found it on level 1 of the Lair of Beasts)
 18084 | D:12     | Found Zenem's General Store.
 18085 | D:12     | Found Gusen's Distillery.
 18096 | D:12     | Bought a potion of haste for 140 gold pieces
 18096 | D:12     | Bought a potion of degeneration for 14 gold pieces
 18122 | D:12     | Found Mauphots's Antique Armour Boutique.
 18170 | D:12     | Got a bloodstained rapier
 18171 | D:12     | Identified the +1 rapier "Liry" {freeze, MR+ Int+2 Dex+3} (You found it on level 12 of the Dungeon)
 18549 | D:13     | Noticed Josephine
 18554 | D:13     | Killed Josephine
 18799 | D:13     | Reached XP level 15. HP: 139/147 MP: 8/17
 19055 | D:13     | Noticed Maurice
 19060 | D:13     | Killed Maurice
 19183 | D:13     | Received a gift from Trog
 19760 | D:14     | Found a gate to the Vaults.
 20332 | Orc:1    | Entered Level 1 of the Orcish Mines
 20773 | Orc:1    | Found a roughly hewn altar of Beogh.
 20842 | Orc:2    | Entered Level 2 of the Orcish Mines
 20854 | Orc:2    | Reached ****** piety under Trog
 20865 | Orc:2    | Received a gift from Trog
 21029 | Orc:2    | Found a radiant altar of Vehumet.
 21184 | Orc:2    | Found a staircase to the Elven Halls.
 21633 | Orc:2    | Found Maclut's Distillery.
 21633 | Orc:2    | Found Byophico's Assorted Antiques.
 21635 | Orc:2    | Found Pustall's Weapon Shoppe.
 21635 | Orc:2    | Found Dafen's Book Shop.
 21646 | Orc:2    | Bought a fizzy yellow potion for 33 gold pieces
 22073 | D:15     | Entered Level 15 of the Dungeon
 22265 | D:15     | Received a gift from Trog
 22328 | D:15     | Noticed Rupert
 22346 | D:15     | Killed Rupert
 22494 | D:15     | Found a staircase to the Depths.
 22494 | D:15     | Noticed a fire giant
 22723 | D:15     | Killed a fire giant
 23147 | D:12     | Bought faintly humming gold dragon scales for 2635 gold pieces
 23157 | D:12     | Identified the +5 gold dragon scales "Plog" {rPois rF+ rC+ MP+9 Dex+3} (You bought it in a shop on level 12 of the Dungeon)
 23388 | Spider:1 | Entered Level 1 of the Spider Nest
 23396 | Lair:2   | Reached XP level 16. HP: 146/162 MP: 19/19
 23912 | Spider:1 | Received a gift from Trog
 24324 | Spider:2 | Noticed Louise
 24338 | Spider:2 | Killed Louise
 24754 | Spider:2 | Noticed Donald
 24758 | Spider:2 | Cast into level 2 of the Abyss (Donald)
 24877 | Abyss:2  | Reached skill level 15 in Armour
 24950 | Abyss:2  | Reached skill level 21 in Axes
 24982 | Abyss:2  | Received a gift from Trog
 25165 | Abyss:2  | Lost intelligence.
 25176 | Abyss:2  | Slain by a large abomination

Vault maps used:
D:1:      saegor_arrival_simple_e, hangedman_decor_growths
D:2:      fedhas_altar_2
D:3:      kennysheep_big_flooded_room, minitemple,
          nicolae_qazlal_style_of_elements
D:4:      first_bread
D:5:      minmay_temple_entry_overgrown, minmay_misc_feat_tiny,
          dk_noncrumbling_3, nemelex_spade_bored_becter, uniq_sigmund
D:6:      tso_oasis_becter, abandoned_shop, kennysheep_nondescript,
          nicolae_for_you_no_charge, uniq_pikel, uniq_menkaure
D:7:      kennysheep_generic_room_10
D:8:      tgw_xom, lair_entry_dummy, special_room
D:9:      erik_orc_4
D:11:     serial_shops, shop, uniq_snorg
D:12:     serial_shops, shop, shop, shop
D:13:     david_nohive_1, uniq_maurice, uniq_josephine
D:14:     erik_vaults_1, special_room, solitary_fountain
D:15:     grunt_enter_depths_giant_problem, small_statue_intersection,
          hangedman_weighted_door, uniq_rupert
Lair:1:   nicolae_volcano_entry_s_turn, portal_ice_cave_entry_pillars_1,
          minmay_lair_oklob_chamber
Lair:2:   elwin_shoals_entry_rocks, spider_nest_entry_funnel_web
Lair:3:   lab_entry_generic
Lair:4:   grunt_megastairs_3, infiniplex_staircase_pool
Lair:5:   uniq_urug, uniq_kirke
Lair:6:   hangedman_lair_caniforms_friends, guppyfry_lair_end_dragon,
          slime_dummy, grunt_megastairs_2
Spider:2: uniq_donald, uniq_louise, uniq_arachne
Orc:1:    nicolae_orc_lost_temple
Orc:2:    grunt_orc_tribal_feast, basic_altar
Abyss:2:  bh_abyss_xom_lugonu_altar
Lab:      labyrinth_watery, nicolae_lab_plus, labyrinth_lava_lair, lab_fountain,
          nicolae_lab_x, nicolae_lab_dead_end, nicolae_lab_lava,
          nicolae_lab_quarters, nicolae_lab_grate, nicolae_lab_stuck
IceCv:    ice_cave_caverns_03

Skill      XL: |  1  2  3  4  5  6  7  8  9 10 11 12 13 14 15 16 |
---------------+-------------------------------------------------+-----
Fighting       | 4 6 7 9 11 13 17 20 | 20.1
Armour         | 3 5 6 8 10 12 13 14 15 | 15.2
Axes           | 4 5 7 8 10 11 13 16 17 18 19 20 21 | 21.1
Dodging        | 3 4 6 7 9 |  9.0
Evocations     | 1 2 3 4 5 7 |  7.0
Shields        | 2 5 |  5.6

Action                   |  1- 3 |  4- 6 |  7- 9 | 10-12 | 13-15 | 16-18 || total
-------------------------+-------+-------+-------+-------+-------+-------++-------
Melee: Hand axe          |    78 |    99 |   172 |       |       |       ||   349
       Headbutt          |    10 |    18 |    50 |   132 |   367 |    62 ||   639
       War axe           |       |       |   102 |   554 |  1216 |       ||  1872
       Broad axe         |       |       |       |    12 |       |       ||    12
       Flail             |       |       |       |    20 |    29 |       ||    49
       Unarmed           |       |       |       |       |    10 |       ||    10
       Battleaxe         |       |       |       |       |   104 |   268 ||   372
Invok: Burn Spellbooks   |       |     1 |     3 |     2 |     7 |       ||    13
       Berserk           |       |     3 |     6 |    10 |    19 |     8 ||    46
       Trog's Hand       |       |       |     2 |     3 |     4 |     4 ||    13
       Brothers in Arms  |       |       |       |     1 |     1 |     1 ||     3
  Use: Potion            |       |     4 |       |     1 |     5 |     2 ||    12
       Scroll            |       |     7 |    12 |    10 |    10 |     3 ||    42
  Eat: Chunk             |     1 |     6 |    14 |    28 |    33 |     9 ||    91
       Royal jelly       |       |     1 |     1 |     1 |       |     1 ||     4
       Fruit             |       |       |     4 |     2 |     8 |     2 ||    16
       Bread ration      |       |       |       |       |     3 |       ||     3
       Meat ration       |       |       |       |       |     1 |       ||     1
Armor: Ring mail         |     4 |       |       |       |       |       ||     4
       Animal skin       |     2 |       |       |       |       |       ||     2
       Chain mail        |    29 |    49 |     9 |    43 |   513 |       ||   643
       Skin              |       |     1 |       |       |       |       ||     1
       Scale mail        |       |       |    62 |   133 |       |       ||   195
       Gold dragon scale |       |       |       |       |    14 |   197 ||   211
Dodge: Dodged            |    38 |    43 |    89 |   266 |   414 |   139 ||   989
       Deflected         |       |       |       |     6 |    14 |     4 ||    24
Block: Shield            |       |       |       |       |   411 |       ||   411
